 Dungeon Sprint DCSS version 0.29.1-4-g47bece8355 (webtiles) character file.

Game seed: 3306275567274413156

11100000 sanboga the Ninja (level 27, -8/323 HPs)
             Began as a Demonspawn Hedge Wizard on Dec 9, 2022.
             Was the Champion of Makhleb.
             Killed by divine providence
             ... invoked by an accursed
              (9 damage)
             ... in the Dungeon (Sprint VIII: "Arena of Blood").
             The game lasted 00:04:31 (111 turns).

sanboga the Ninja (Demonspawn Hedge Wizard)          Turns: 111, Time: 00:04:32

Health: -8/323     AC:  4    Str: 23    XL:     27
Magic:  0/54       EV: 30    Int: 16    God:    Makhleb [******]
Gold:   0          SH:  0    Dex: 14    Spells: 79/80 levels left

rFire   . . .      SeeInvis +   j - +∞ Axe of Woe
rCold   . . .      Faith    .   (shield currently unavailable)
rNeg    . . .      Spirit   +   b - +0 robe
rPois   .          Reflect  .   (helmet unavailable)
rElec   .          Harm     .   (no cloak)
rCorr   .          Rampage  .   (no gloves)
Will    ++...      NoTele   +   (no boots)
Stlth   +++++++++.              (no amulet)
HPRegen 0.63/turn               (no ring)
MPRegen 0.68/turn               (no ring)

@: repel missiles
A: antennae 3, repulsion field 3, foul stench 3, robust 3, magic shield, magic
regeneration, magic link
a: Renounce Religion, Minor Destruction, Lesser Servant of Makhleb, Major
Destruction, Greater Servant of Makhleb


You were in the Dungeon.
You worshipped Makhleb.
Makhleb was exalted by your worship.
You visited 1 branch

Inventory:

Hand Weapons
 a - a +0 dagger
 j - the +∞ Axe of Woe (weapon)
   (You found it in the Dungeon)
Armour
 b - a +0 robe (worn)
 c - a +0 hat
Potions
 d - 3 potions of magic
 e - a potion of curing
 f - a potion of heal wounds
 g - a potion of haste
 h - a potion of berserk rage


   Skills:
 O Level 27 Fighting
 O Level 27 Short Blades
 O Level 27 Long Blades
 O Level 27 Axes
 O Level 27 Maces & Flails
 O Level 27 Polearms
 O Level 27 Staves
 O Level 27 Ranged Weapons
 O Level 27 Throwing
 O Level 27 Armour
 O Level 27 Dodging
 O Level 27 Stealth
 O Level 27 Shields
 O Level 27 Unarmed Combat
 O Level 27 Spellcasting
 O Level 27 Conjurations
 O Level 27 Hexes
 O Level 27 Summonings
 O Level 27 Necromancy
 O Level 27 Translocations
 O Level 27 Transmutations
 O Level 27 Fire Magic
 O Level 27 Ice Magic
 O Level 27 Air Magic
 O Level 27 Earth Magic
 O Level 27 Poison Magic
 O Level 27 Invocations
 O Level 27 Evocations


You had 79 spell levels left.
You knew the following spells:

 Your Spells              Type           Power      Damage    Failure   Level
a - Magic Dart            Conj           100%       1d8       0%          1

Your spell library contained the following spells:

 Spells                   Type           Power      Damage    Failure   Level
 Slow                     Hex            100%       N/A       0%          1
 Blink                    Tloc           100%       N/A       0%          2
 Call Imp                 Summ           82%        N/A       0%          2
 Conjure Flame            Conj/Fire      82%        6-21      0%          3
 Mephitic Cloud           Conj/Pois/Air  82%        N/A       0%          3


Dungeon Overview and Level Annotations

Branches:
Dungeon (1/1)

Altars:
Makhleb

Annotations:
D The Servant


Innate Abilities, Weirdness & Mutations

You have a pair of large antennae on your head. (SInv)
You are surrounded by a strong repulsion field. (EV +4, RMsl)
You frequently emit foul miasma when damaged in melee.
You are extremely robust. (+30% HP)
When hurt, damage is shared between your health and your magic reserves.
You regenerate magic rapidly.
When low on magic, you restore magic in place of health.


Message History

Flame seeps out of the large bag of meat.
The meat berserker convulses!
The eight-headed meat hydra convulses!
The meat berserker convulses!
Your body is wracked with pain!
* * * LOW HITPOINT WARNING * * *
The accursed points at you and mumbles some strange words.
Something smites you!
* * * LOW HITPOINT WARNING * * *
You hear a shout!
The eight-headed meat hydra calls on the powers of darkness!
The eight-headed meat hydra convulses!
The scourge convulses!
The meat berserker convulses!
Your body is wracked with pain!
* * * LOW HITPOINT WARNING * * *
The scourge convulses!
The meat berserker convulses!
The large bag of meat convulses!
Flame seeps out of the large bag of meat.
A bag of meat comes into view. It is wielding a +9 war axe.
You hear a shout!
You slice the meat berserker!!
You slaughter the meat berserker joyfully.
You kill the meat berserker!
Makhleb accepts your kill.
You are engulfed in blazing flames.
* * * LOW HITPOINT WARNING * * *
You hear a shout! x4
The eight-headed meat hydra calls on the powers of darkness!
The eight-headed meat hydra convulses!
The bag of meat convulses! x2
The large bag of meat convulses!
Flame seeps out of the large bag of meat.
The bag of meat convulses!
The meat berserker convulses!
The large bag of meat convulses!
Flame seeps out of the large bag of meat.
The bag of meat convulses!
The meat berserker convulses!
The bag of meat convulses!
The meat berserker convulses!
The scourge convulses!
You feel a surge of unholy energy.
The destroyer is engulfed in blazing flames.
The destroyer points at you and mumbles some strange words.
The destroyer blinks!
The accursed casts a spell at you. Something smites you!
You die...

.°...............
ooD...........M#{
O°O.o.........
M.zO°..W...o# .
.o.#oO...°M.# ...
o..§.M...))°.#...#
.##.#OM.☼S))......
.D...§°§°§.DS.....
#....#§@°§.####...
.....○V°°☼...# ..
......○☼○○.....
.......=.......#
################


You could see 3 accurseds, 3 eight-headed meat hydras, a destroyer, 2 scourges,
a sculptor of flesh, 2 large bags of meat, a dread, 3 meat berserkers and 6 bags
of meat.

Vanquished Creatures
  7 hell beasts (D)
  2 royal mummies (D)
  2 great orbs of eyes (D)
  2 wraiths (D)
  6 vampire knights (D)
  36 ogres (D)
  10 two-headed ogres (D)
  4 liches (D)
  A hydra (D)
  2 phantoms (D)
  62 orcs (D)
  4 skeletal warriors (D)
  A sea snake (D)
139 creatures vanquished.

Notes
Turn   | Place    | Note
-------+----------+-------------------------------------------
     0 | D        | Found the +∞ Axe of Woe
     0 | D        | sanboga the Demonspawn Hedge Wizard began the quest for the
                  | Orb.
     0 | D        | Reached XP level 1. HP: 13/13 MP: 4/4
     4 | D        | Became a worshipper of Makhleb the Destroyer
     5 | D        | Noticed a bag of meat
     6 | D        | Noticed a meat berserker
     6 | D        | Noticed a bag of meat
     6 | D        | Noticed a bag of meat
     7 | D        | Noticed a bag of meat
     8 | D        | Noticed a bag of meat
    11 | D        | Noticed a meat berserker
    12 | D        | Killed a meat berserker
    12 | D        | Noticed a bag of meat
    12 | D        | Noticed a meat berserker
    12 | D        | Noticed a bag of meat
    12 | D        | Noticed a bag of meat
    13 | D        | Gained mutation: You have a pair of small antennae on your
                  | head. [demonic ancestry]
    13 | D        | Reached XP level 2. HP: 34/34 MP: 4/12
    13 | D        | Gained mutation: You regenerate magic rapidly. [demonic
                  | ancestry]
    13 | D        | Reached XP level 3. HP: 39/39 MP: 4/13
    13 | D        | Reached XP level 4. HP: 46/46 MP: 4/15
    13 | D        | Reached XP level 5. HP: 52/52 MP: 4/16
    13 | D        | Reached XP level 6. HP: 58/58 MP: 4/18
    13 | D        | Reached XP level 7. HP: 64/64 MP: 4/19
    13 | D        | Reached XP level 8. HP: 71/71 MP: 4/21
    13 | D        | Gained mutation: You may rarely emit foul miasma when
                  | damaged in melee. [demonic ancestry]
    13 | D        | Reached XP level 9. HP: 76/76 MP: 4/22
    13 | D        | Reached XP level 10. HP: 83/83 MP: 4/23
    13 | D        | Gained mutation: You sometimes emit foul miasma when
                  | damaged in melee. [demonic ancestry]
    13 | D        | Reached XP level 11. HP: 89/89 MP: 4/24
    13 | D        | Killed a meat berserker
    13 | D        | Reached * piety under Makhleb
    13 | D        | Killed a bag of meat
    13 | D        | Noticed a meat berserker
    13 | D        | Noticed a meat berserker
    13 | D        | Noticed a meat berserker
    14 | D        | Reached skill level 10 in Short Blades
    14 | D        | Reached skill level 10 in Axes
    14 | D        | Reached skill level 10 in Armour
    14 | D        | Reached skill level 10 in Dodging
    14 | D        | Reached skill level 10 in Unarmed Combat
    14 | D        | Reached skill level 10 in Translocations
    14 | D        | Reached XP level 12. HP: 100/100 MP: 4/27
    14 | D        | Gained mutation: You frequently emit foul miasma when
                  | damaged in melee. [demonic ancestry]
    14 | D        | Reached XP level 13. HP: 106/106 MP: 4/28
    14 | D        | Killed a meat berserker
    14 | D        | Killed a bag of meat
    14 | D        | Reached ** piety under Makhleb
    14 | D        | Noticed a meat berserker
    14 | D        | Noticed a bag of meat
    14 | D        | Noticed a bag of meat
    15 | D        | Gained mutation: You have a pair of antennae on your head.
                  | [demonic ancestry]
    15 | D        | Reached XP level 14. HP: 48/116 MP: 5/30
    15 | D        | Killed a meat berserker
    15 | D        | Killed a bag of meat
    16 | D        | Gained mutation: When hurt, damage is shared between your
                  | health and your magic reserves. [demonic ancestry]
    16 | D        | Reached XP level 15. HP: 95/125 MP: 5/32
    16 | D        | Reached *** piety under Makhleb
    17 | D        | Killed a meat berserker
    17 | D        | Reached **** piety under Makhleb
    17 | D        | Killed a meat berserker
    18 | D        | Reached skill level 15 in Dodging
    18 | D        | Reached skill level 15 in Unarmed Combat
    18 | D        | Reached skill level 15 in Spellcasting
    18 | D        | Reached skill level 15 in Translocations
    18 | D        | Gained mutation: You are surrounded by a mild repulsion
                  | field. (EV +2) [demonic ancestry]
    18 | D        | Reached XP level 16. HP: 123/138 MP: 5/35
    18 | D        | Noticed a large bag of meat
    18 | D        | Killed a meat berserker
    18 | D        | Noticed a large bag of meat
    19 | D        | Reached skill level 15 in Short Blades
    19 | D        | Reached skill level 15 in Axes
    19 | D        | Reached skill level 15 in Armour
    19 | D        | Reached ***** piety under Makhleb
    20 | D        | Gained mutation: You are surrounded by a moderate repulsion
                  | field. (EV +3) [demonic ancestry]
    20 | D        | Reached XP level 17. HP: 149/149 MP: 6/37
    21 | D        | Noticed a meat berserker
    22 | D        | Noticed a meat berserker
    23 | D        | Noticed a meat berserker
    24 | D        | Killed a meat berserker
    24 | D        | Reached ****** piety under Makhleb
    24 | D        | Noticed a meat berserker
    25 | D        | Gained mutation: You have a pair of large antennae on your
                  | head. (SInv) [demonic ancestry]
    25 | D        | Reached XP level 18. HP: 162/162 MP: 9/40
    25 | D        | Killed a large bag of meat
    25 | D        | Killed a large bag of meat
    25 | D        | Noticed a large bag of meat
    27 | D        | Reached XP level 19. HP: 115/172 MP: 5/42
    28 | D        | Killed a meat berserker
    28 | D        | Killed a meat berserker
    28 | D        | Noticed a meat berserker
    29 | D        | Killed a meat berserker
    30 | D        | Noticed a large bag of meat
    31 | D        | Noticed a large bag of meat
    32 | D        | Gained mutation: You are robust. (+10% HP) [demonic
                  | ancestry]
    32 | D        | Reached XP level 20. HP: 178/203 MP: 7/45
    32 | D        | Noticed a destroyer
    33 | D        | Killed a meat berserker
    33 | D        | Killed a large bag of meat
    33 | D        | Noticed a meat berserker
    37 | D        | Killed a meat berserker
    37 | D        | Killed a destroyer
    38 | D        | Gained mutation: You are very robust. (+20% HP) [demonic
                  | ancestry]
    38 | D        | Reached XP level 21. HP: 212/240 MP: 7/48
    39 | D        | Noticed a destroyer
    39 | D        | Killed a large bag of meat
    40 | D        | Noticed a large bag of meat
    42 | D        | Killed a destroyer
    43 | D        | Noticed an accursed
    43 | D        | Killed a large bag of meat
    43 | D        | Noticed an accursed
    44 | D        | Noticed a tyrant
    45 | D        | Noticed a destroyer
    46 | D        | Reached skill level 27 in Fighting
    46 | D        | Reached skill level 27 in Stealth
    46 | D        | Reached skill level 27 in Conjurations
    46 | D        | Reached skill level 27 in Summonings
    46 | D        | Gained mutation: You are extremely robust. (+30% HP)
                  | [demonic ancestry]
    46 | D        | Reached XP level 22. HP: 228/275 MP: 5/51
    46 | D        | Killed a destroyer
    47 | D        | Killed an accursed
    47 | D        | Noticed a destroyer
    48 | D        | Reached skill level 27 in Short Blades
    48 | D        | Reached skill level 27 in Axes
    48 | D        | Reached skill level 27 in Armour
    48 | D        | Reached skill level 27 in Dodging
    48 | D        | Reached skill level 27 in Unarmed Combat
    48 | D        | Reached skill level 27 in Spellcasting
    48 | D        | Reached skill level 27 in Translocations
    49 | D        | Reached skill level 15 in Invocations
    49 | D        | Gained mutation: You are surrounded by a strong repulsion
                  | field. (EV +4, RMsl) [demonic ancestry]
    49 | D        | Reached XP level 23. HP: 275/284 MP: 5/54
    49 | D        | Noticed a tyrant
    50 | D        | Killed a destroyer
    54 | D        | Killed a tyrant
    54 | D        | Noticed a tyrant
    58 | D        | Reached skill level 27 in Invocations
    58 | D        | Noticed a large bag of meat
    60 | D        | Killed a tyrant
    61 | D        | Reached XP level 24. HP: 293/295 MP: 9/54
    62 | D        | Noticed a meat beast
    63 | D        | Killed a tyrant
    64 | D        | Noticed a dread
    64 | D        | Noticed a meat beast
    65 | D        | Killed an accursed
    66 | D        | Reached skill level 27 in Long Blades
    66 | D        | Reached skill level 27 in Maces & Flails
    66 | D        | Reached skill level 27 in Polearms
    66 | D        | Reached skill level 10 in Staves
    66 | D        | Killed a meat beast
    67 | D        | Reached skill level 27 in Staves
    67 | D        | Gained mutation: When low on magic, you restore magic in
                  | place of health. [demonic ancestry]
    67 | D        | Reached XP level 25. HP: 304/304 MP: 11/54
    68 | D        | Killed a meat beast
    69 | D        | Reached skill level 10 in Hexes
    69 | D        | Reached skill level 10 in Poison Magic
    69 | D        | Reached skill level 10 in Evocations
    70 | D        | Noticed a meat beast
    70 | D        | Noticed a large bag of meat
    71 | D        | Noticed a destroyer
    73 | D        | Reached skill level 10 in Ranged Weapons
    73 | D        | Reached skill level 10 in Throwing
    73 | D        | Reached skill level 10 in Shields
    73 | D        | Reached skill level 10 in Transmutations
    73 | D        | Reached skill level 10 in Fire Magic
    73 | D        | Reached skill level 10 in Ice Magic
    73 | D        | Reached skill level 10 in Air Magic
    73 | D        | Reached skill level 10 in Earth Magic
    73 | D        | Reached XP level 26. HP: 306/314 MP: 13/54
    73 | D        | Killed a meat beast
    74 | D        | Reached skill level 15 in Hexes
    74 | D        | Reached skill level 15 in Poison Magic
    74 | D        | Reached skill level 15 in Evocations
    77 | D        | Noticed a large bag of meat
    77 | D        | Noticed an accursed
    78 | D        | Killed a destroyer
    79 | D        | Reached skill level 15 in Shields
    79 | D        | Reached skill level 15 in Transmutations
    79 | D        | Reached XP level 27. HP: 94/323 MP: 4/54
    80 | D        | Noticed a destroyer
    80 | D        | Noticed a meat beast
    80 | D        | Noticed a large bag of meat
    80 | D        | Noticed a tyrant
    80 | D        | Noticed a dread
    80 | D        | Noticed a meat beast
    82 | D        | Killed a large bag of meat
    82 | D        | Killed a dread
    84 | D        | Noticed a meat beast
    84 | D        | Killed a meat beast
    84 | D        | Killed a destroyer
    84 | D        | Killed a meat beast
    85 | D        | Killed a tyrant
    87 | D        | Noticed a meat beast
    88 | D        | Killed a meat beast
    88 | D        | Noticed a large bag of meat
    89 | D        | Reached skill level 27 in Necromancy
    94 | D        | Noticed an accursed
    94 | D        | Killed a large bag of meat
    94 | D        | Killed a meat beast
    94 | D        | Noticed an accursed
    95 | D        | Reached skill level 27 in Hexes
    95 | D        | Reached skill level 27 in Poison Magic
    95 | D        | Reached skill level 27 in Evocations
    96 | D        | Noticed a large bag of meat
    98 | D        | Noticed an accursed
   102 | D        | Reached skill level 27 in Ranged Weapons
   102 | D        | Reached skill level 27 in Throwing
   102 | D        | Reached skill level 27 in Shields
   102 | D        | Reached skill level 27 in Transmutations
   102 | D        | Reached skill level 27 in Fire Magic
   102 | D        | Reached skill level 27 in Ice Magic
   102 | D        | Reached skill level 27 in Air Magic
   102 | D        | Reached skill level 27 in Earth Magic
   102 | D        | Killed a large bag of meat
   103 | D        | Noticed a large bag of meat
   106 | D        | Noticed a dread
   107 | D        | Killed a large bag of meat
   107 | D        | Noticed The Servant
   107 | D        | Noticed a destroyer
   108 | D        | Killed a dread
   108 | D        | Killed a large bag of meat
   111 | D        | HP: 1/323 [something (19)]
   111 | D        | Killed from afar by an accursed

Illustrated notes

Levels and vault maps discovered:
D:        meatsprint

Skill      XL: |  1  2  3  4  5  6  7  8  9 10 11 12 13 14 15 16 17 18 19 20 21 22 23 24 25 26 27 |
---------------+----------------------------------------------------------------------------------+-----
Fighting       | 9 11 12 13 16 17 19 21 23 25 27 | 27.0
Short Blades   | 8 10 11 12 14 16 18 19 21 23 25 27 | 27.0
Axes           | 8 10 11 12 14 16 18 19 21 23 25 27 | 27.0
Armour         | 8 10 11 12 14 16 18 19 21 23 25 27 | 27.0
Dodging        | 8 10 12 13 15 16 18 19 21 23 25 27 | 27.0
Stealth        | 9 11 13 14 16 17 19 21 23 25 27 | 27.0
Unarmed Combat | 8 10 11 12 15 16 18 19 21 23 25 27 | 27.0
Spellcasting   | 9 11 12 13 15 16 18 19 21 23 25 27 | 27.0
Conjurations   | 9 11 12 14 16 17 19 21 23 25 27 | 27.0
Summonings     | 9 11 13 14 16 17 19 21 23 25 27 | 27.0
Translocations | 8 10 11 12 15 16 18 19 21 23 25 27 | 27.0
Long Blades    | 11 22 27 | 27.0
Maces & Flails | 11 22 27 | 27.0
Polearms       | 11 22 27 | 27.0
Invocations    | 15 27 | 27.0
Staves         | 27 | 27.0
Ranged Weapons | 3 10 16 27 | 27.0
Throwing       | 3 10 16 27 | 27.0
Shields        | 3 10 15 27 | 27.0
Hexes          | 3 11 17 27 | 27.0
Necromancy     | 3 12 18 27 | 27.0
Transmutations | 3 10 15 27 | 27.0
Fire Magic     | 3 10 16 27 | 27.0
Ice Magic      | 3 10 16 27 | 27.0
Air Magic      | 3 10 16 27 | 27.0
Earth Magic    | 3 10 16 27 | 27.0
Poison Magic   | 3 11 17 27 | 27.0
Evocations     | 3 11 17 27 | 27.0

Action                   |  1- 3 |  4- 6 |  7- 9 | 10-12 | 13-15 | 16-18 | 19-21 | 22-24 | 25-27 || total
-------------------------+-------+-------+-------+-------+-------+-------+-------+-------+-------++-------
Melee: Executioner's axe |     1 |       |       |     1 |     4 |     8 |    12 |    16 |    34 ||    76
  Use: Scroll            |       |       |       |       |       |       |       |       |     1 ||     1
Dodge: Dodged            |       |       |       |       |     1 |       |       |       |     7 ||     8
